Map: Abyssal Reef LE

Players

Dessa - Winner!

  • Race: Zerg Zerg
  • League: Diamond
  • Spawn Location: 5:00

Hatsge

  • Race: Terran Terran
  • League: Diamond
  • Spawn Location: 11:00

VOD

Have the link to the VOD?

Description

Time

  • Played on: Dec. 14, 2017, 11:52 a.m.
  • Length: 13:01
Show
View Real Time Build Order
Export as new Build Order

Dessa Zerg - Winner!

Build Orders: Hatch First, Muta Ling Bane 

Get SALT Encoding   

  12  0:01  Drone  
  13  0:13  Overlord  
  13  0:18  Drone  
  14  0:31  Drone x2  
  14  0:35  Drone  
  17  0:53  Hatchery  
  16  0:57  Drone  
  16  1:00  Extractor  
  16  1:01  Drone  
  17  1:18  Spawning Pool  
  16  1:21  Drone  
  17  1:25  Drone  
  17  1:30  Drone  
  19  1:43  Drone  
  20  1:50  Overlord  
  20  2:04  Queen  
  20  2:06  Queen  
  20  2:08  Zergling x4  
  26  2:10  Metabolic Boost  
  26  2:15  Drone  
  27  2:24  Drone  
  27  2:26  Drone  
  29  2:35  Drone  
  30  2:37  Drone  
  30  2:40  Queen  
  30  2:41  Extractor  
  32  2:45  Drone  
  32  2:47  Overlord  
  33  3:06  Drone  
  33  3:09  Drone x2  
  33  3:10  Drone  
  37  3:16  Drone x3  
  40  3:31  Hatchery  
  39  3:34  Drone  
  39  3:36  Drone x3  
  39  3:38  Overlord  
  42  3:50  Drone x2  
  42  3:52  Extractor  
  42  3:54  Baneling Nest, Extractor  
  41  3:56  Drone  
  41  3:57  Overlord  
  41  4:00  Drone  
  41  4:01  Zergling x2  
  44  4:08  Overlord  
  44  4:09  Pneumatized Carapace  
  44  4:16  Lair  
  44  4:18  Drone x2  
  44  4:20  Drone  
  47  4:31  Drone x3  
  48  4:32  Drone x2  
  48  4:36  Drone x2  
  54  4:41  Drone, Evolution Chamber  
  54  4:42  Drone  
  54  4:43  Evolution Chamber  
  53  4:47  Zergling x4  
  53  4:50  Baneling x2  
  53  4:51  Zergling x2  
  56  4:58  Zergling x10  
  61  5:03  Zergling x6  
  64  5:07  Baneling x2  
  64  5:08  Baneling x2  
  64  5:11  Zergling x4  
  64  5:12  Zergling x2  
  67  5:17  Zerg Melee Weapons Level 1  
  67  5:20  Zergling x4  
  67  5:21  Zergling x2  
  70  5:29  Zergling x2  
  70  5:30  Zergling x2  
  64  5:45  Queen  
  63  5:50  Zerg Ground Armor Level 1  
  63  5:53  Drone, Overlord  
  63  5:54  Spire  
  63  5:56  Drone x7  
  63  5:57  Drone  
  71  6:08  Zergling x4  
  73  6:19  Overlord  
  73  6:21  Overlord  
  73  6:29  Centrifical Hooks  
  73  6:37  Drone x2, Extractor  
  73  6:38  Drone  
  73  6:39  Drone x6, Extractor  
  80  6:41  Overlord  
  80  6:45  Hatchery  
  79  6:55  Drone x3  
  79  6:56  Drone x3  
  79  6:57  Zergling x6  
  88  7:07  Mutalisk  
  88  7:08  Mutalisk x4  
  91  7:15  Mutalisk x4  
  97  7:17  Zerg Melee Weapons Level 2  
  97  7:19  Overlord  
  97  7:20  Overlord  
  105  7:27  Zerg Flyer Weapons Level 1  
  105  7:32  Infestation Pit  
  105  7:33  Drone  
  105  7:34  Overlord  
  105  7:40  Overlord  
  105  7:52  Zerg Ground Armor Level 2  
  105  7:58  Queen  
  107  8:06  Zergling x14  
  107  8:07  Zergling x2, Mutalisk x5  
  107  8:08  Mutalisk x2  
  129  8:13  Baneling x2  
  129  8:14  Baneling x3  
  129  8:16  Zergling x6  
  129  8:17  Zergling x2  
  129  8:18  Zergling x2  
  134  8:20  Zergling x2  
  134  8:21  Zergling x4, Overlord  
  134  8:25  Baneling x7  
  137  8:43  Zergling x4  
  117  9:14  Zergling x10  
  117  9:15  Zergling x28  
  127  9:18  Zergling x4  
  127  9:19  Zergling x2  
  130  9:29  Zergling x2  
  130  9:30  Zergling x6  
  134  9:35  Hive  
  134  9:42  Baneling x2  
  134  9:43  Baneling x5, Zergling x2  
  134  9:44  Zergling x6, Overlord  
  138  9:50  Zergling x6  
  141  10:01  Zergling x6  
  141  10:02  Zergling x2  
  145  10:09  Drone x3  
  145  10:10  Drone  
  145  10:11  Overlord x3  
  149  10:15  Zergling x10  
  149  10:16  Zergling x6  
  157  10:24  Extractor, Hatchery  
  157  10:25  Extractor  
  157  10:27  Baneling x7  
  157  10:28  Baneling x6  
  154  10:29  Baneling x7  
  154  10:30  Zergling x10  
  151  10:49  Extractor  
  106  11:38  Ultralisk Cavern  
  101  12:05  Zergling x12  
  101  12:06  Zergling x46  
  109  12:14  Zergling x4  
  108  12:17  Baneling x4  
  108  12:22  Extractor  
  107  12:32  Drone x3  
  158  12:40  Baneling x8  
  158  12:41  Baneling x5  
Show
View Real Time Build Order
Export as new Build Order

Hatsge Terran 

Build Orders: MMM Bio 

Get SALT Encoding   

  12  0:00  SCV  
  13  0:13  SCV  
  14  0:18  Supply Depot  
  14  0:28  SCV  
  15  0:40  SCV  
  15  0:42  Barracks  
  16  0:51  Refinery  
  16  0:54  SCV  
  17  1:06  SCV  
  18  1:18  SCV  
  19  1:30  Orbital Command  
  19  1:34  Barracks Reactor  
  19  1:42  Command Center  
  19  1:54  Barracks  
  19  1:57  SCV  
  20  2:04  Supply Depot  
  20  2:09  SCV  
  20  2:10  Marine  
  20  2:12  Marine  
  23  2:26  SCV  
  24  2:30  Barracks  
  24  2:31  Marine x2  
  26  2:38  SCV  
  26  2:40  Refinery  
  26  2:41  Barracks Tech Lab  
  27  2:49  Supply Depot  
  27  2:53  Orbital Command  
  27  3:03  SCV  
  28  3:07  Combat Shields  
  28  3:08  Marine  
  29  3:14  Marine  
  29  3:15  SCV, Marine  
  32  3:20  Supply Depot  
  32  3:23  SCV  
  32  3:25  Barracks Reactor  
  33  3:28  SCV  
  33  3:30  Marine  
  33  3:33  Marauder  
  37  3:35  Marine  
  37  3:37  SCV  
  39  3:42  Supply Depot  
  39  3:48  Marine  
  40  3:51  SCV  
  40  3:53  SCV, Marine  
  40  3:55  Marauder  
  45  4:05  Marine, Engineering Bay  
  45  4:06  Marine  
  45  4:08  Engineering Bay  
  45  4:09  Marine  
  48  4:11  SCV, Marine  
  48  4:13  SCV  
  53  4:17  Marauder  
  53  4:23  SCV, Marine x2  
  56  4:25  SCV  
  57  4:33  Terran Infantry Weapons Level 1  
  57  4:34  Terran Infantry Armor Level 1  
  57  4:35  Marine  
  58  4:38  Marine x2  
  60  4:49  Marine x2  
  62  4:53  Marine  
  62  4:56  Marine  
  62  4:57  Marauder  
  66  5:03  SCV  
  66  5:04  SCV  
  68  5:07  Marine x2  
  68  5:10  Barracks, Factory  
  68  5:11  Supply Depot  
  70  5:23  Stimpack  
  70  5:25  Supply Depot  
  70  5:27  Supply Depot  
  70  5:33  SCV x2  
  60  5:45  SCV x2, Marauder, Marine  
  60  5:46  Marine x3  
  57  5:57  SCV x2, Starport, Factory Reactor  
  57  5:58  Barracks Reactor  
  57  6:02  Barracks  
  57  6:03  Marine x2  
  57  6:04  Marine  
  62  6:07  Marauder  
  62  6:09  SCV x2  
  66  6:20  Command Center  
  66  6:21  SCV x2  
  66  6:22  Marine x3  
  71  6:26  Marine  
  71  6:28  Marauder  
  74  6:33  Armory  
  74  6:34  SCV x2  
  76  6:40  Marine  
  76  6:42  Supply Depot  
  76  6:45  Medivac  
  79  6:49  Refinery, SCV x2  
  79  6:50  Refinery, Marauder  
  79  6:51  Medivac  
  79  6:54  Marine x4  
  86  6:56  Barracks Tech Lab  
  89  7:01  SCV x2  
  89  7:05  Marine x2  
  93  7:11  Marauder, Marine  
  93  7:12  Marine x3  
  99  7:18  Supply Depot  
  99  7:22  Supply Depot  
  101  7:23  Marauder, Marine  
  101  7:25  Supply Depot  
  101  7:27  Supply Depot  
  102  7:32  Marauder  
  102  7:33  Terran Infantry Weapons Level 2  
  106  7:44  Marauder  
  106  7:50  SCV x2  
  108  7:57  Orbital Command, Terran Vehicle And Ship Armor Level 1  
  108  7:59  Marine x2, Marauder  
  108  8:01  Marine  
  108  8:02  SCV x2  
  108  8:03  Marine  
  108  8:04  Marine  
  119  8:05  Marauder  
  119  8:14  SCV x2  
  119  8:15  Missile Turret x2  
  119  8:16  Missile Turret x2  
  119  8:19  Missile Turret  
  121  8:20  Missile Turret, Marauder  
  121  8:21  Missile Turret  
  121  8:25  Missile Turret  
  121  8:27  Missile Turret  
  123  8:31  Medivac  
  123  8:32  Medivac  
  123  8:34  Marauder, Marine x2  
  131  8:52  Marauder, Marine x2  
  131  8:53  Marine x4  
  131  8:55  Marauder  
  141  8:57  Concussive Shells  
  116  9:10  Marine x3  
  116  9:13  Marine x3  
  116  9:14  Marauder  
  116  9:16  Marine  
  109  9:22  Factory Tech Lab  
  109  9:28  Marine x3  
  109  9:31  Marine x3  
  108  9:34  Marine x2  
  108  9:37  Command Center  
  112  9:42  Terran Infantry Armor Level 2  
  112  9:46  Marine x3  
  112  9:48  Medivac x2, Marine  
  112  9:49  Marine x2  
  112  9:50  Thor  
  112  9:51  Marine  
  112  9:52  Marine  
  130  10:03  Marine  
  130  10:04  Marine x2  
  130  10:05  SCV x3  
  130  10:06  Marine  
  137  10:07  Marine x2  
  137  10:09  Marine  
  137  10:10  Marine  
  141  10:17  SCV x3  
  141  10:20  Supply Depot  
  144  10:21  Marine x2  
  144  10:22  Supply Depot, Marine  
  144  10:23  Supply Depot, Barracks  
  144  10:24  Supply Depot, Marine  
  144  10:25  Supply Depot  
  144  10:26  Barracks  
  144  10:27  Barracks  
  148  10:41  Thor  
  109  11:07  Marine  
  109  11:08  Marine x7, Missile Turret  
  109  11:09  Missile Turret  
  109  11:10  Missile Turret  
  109  11:11  Missile Turret  
  67  11:14  Barracks Reactor x2  
  67  11:15  Barracks Reactor  
  66  11:25  Thor, Marine  
  70  11:26  Marine x7  
  78  11:36  SCV x2  
  80  11:43  Marine x4  
  80  11:44  Marine x4  
  87  11:48  SCV x2  
  89  12:00  SCV x2  
  89  12:01  Marine x2  
  90  12:06  Marine  
  90  12:07  Marine x5  
  91  12:12  SCV x2  
  93  12:18  Orbital Command  
  93  12:19  Marine x2  
  95  12:24  SCV, Marine  
  95  12:25  Marine x5  
  102  12:36  Marine  
Tags
 
Matchup
TvZ
Replay Pack
2017S4
Spawn Locations
Cross Positions
Add a new tag
Caveats
  • Supply blocks, unpowered buildings, or Contaminate may cause inaccurate times.
  • Supply counts are checked every 10 seconds.